Map: Crête de Lerilak

Players

Worming

  • Race: Zerg Zerg
  • League: Diamond

Benaab - Winner!

  • Race: Zerg Zerg
  • League: Diamond

VOD

Have the link to the VOD?

Description

Time

  • Played on: Nov. 15, 2015, 7:37 a.m.
  • Length: 1:34
Show
View Real Time Build Order
Export as new Build Order

Worming Zerg 

Build Orders: Hatch First 

Get SALT Encoding   

  12  0:01  Drone  
  13  0:12  Overlord  
  13  0:17  Drone  
  14  0:31  Drone x2  
  14  0:35  Drone  
  17  0:45  Drone  
  18  0:54  Extractor  
  17  0:59  Hatchery  
  17  1:00  Drone  
  17  1:25  Spawning Pool  
Show
View Real Time Build Order
Export as new Build Order

Benaab Zerg - Winner!

Build Orders: Hatch First 

Get SALT Encoding   

  12  0:01  Drone  
  13  0:13  Overlord  
  13  0:17  Drone  
  14  0:31  Drone x2  
  16  0:35  Drone  
  17  0:55  Hatchery  
  16  0:58  Drone  
  16  0:59  Drone  
  18  1:09  Extractor  
  18  1:11  Drone  
  18  1:20  Spawning Pool  
Tags
 
Add a new tag
Caveats
  • Supply blocks, unpowered buildings, or Contaminate may cause inaccurate times.
  • Supply counts are checked every 10 seconds.